 Dungeon Crawl Stone Soup version 0.27-a0-1359-ga2a4dfd6fd (webtiles) character file.

Game seed: 6616334173785708175

14621 HoaS the Grappler (level 11, -4/92 HPs)
             Began as a Demigod Gladiator on June 28, 2021.
             Slain by a cane toad (13 damage)
             ... on level 1 of the Lair of Beasts.
             The game lasted 00:26:05 (12936 turns).

HoaS the Grappler (Demigod Gladiator)              Turns: 12936, Time: 00:26:06

Health: -4/92      AC: 23    Str: 27    XL:     11   Next: 60%
Magic:  14/14      EV: 14    Int: 10    God:
Gold:   364        SH:  0    Dex: 15    Spells: 10/10 levels left

rFire    . . .     SeeInvis .     - Unarmed
rCold    . . .     Faith    .   (no shield)
rNeg     . . .     Spirit   .   a - +0 plate armour
rPois    .         Reflect  .   s - +2 helmet
rElec    .         Harm     .   w - +1 cloak
rCorr    .         Rampage  .   x - +2 pair of gloves
Will     ++...                  r - +0 pair of boots
Stlth    ..........             A - amulet of regeneration
HPRegen  1.25/turn              d - ring of willpower
MPRegen  0.14/turn              C - +4 ring of evasion

@: lethally poisoned (-4 -> -6)
A: high mp 1, forlorn
a: no special abilities


You were on level 1 of the Lair of Beasts.
You visited 2 branches of the dungeon, and saw 11 of its levels.
You also visited: Sewer.

You collected 490 gold pieces.
You spent 126 gold pieces at shops.

Inventory:

Missiles
 i - 31 poisoned darts (quivered)
 p - 11 boomerangs
 y - a throwing net
Armour
 a - a +0 plate armour (worn)
 r - a +0 pair of boots (worn)
 s - a +2 helmet (worn)
 w - a +1 cloak (worn)
 x - a +2 pair of gloves (worn)
Jewellery
 b - a ring of see invisible
 d - a ring of willpower (left hand)
 f - a ring of protection from fire
 A - an amulet of regeneration (around neck)
 C - a +4 ring of evasion (right hand)
Wands
 h - a wand of iceblast (4)
 v - a wand of flame (19)
 z - a wand of digging (8)
 B - a wand of acid (4)
Scrolls
 k - a scroll of identify
 m - 2 scrolls of teleportation
 o - 4 scrolls of noise
 D - a scroll of magic mapping
 E - a scroll of summoning
Potions
 c - a potion of lignification {unknown}
 e - a potion of invisibility {unknown}
 g - a potion of brilliance {unknown}
 j - 3 potions of curing
 l - 2 potions of magic {unknown}
 n - a potion of experience {unknown}
 q - 4 potions of flight
 t - 2 potions of attraction {unknown}
 u - 3 potions of might {unknown}
 F - a potion of degeneration {unknown}


   Skills:
 + Level 7.4 Fighting
 - Level 1.7 Throwing
 + Level 7.5 Armour
 + Level 7.4 Dodging
 * Level 12.7 Unarmed Combat


You had 10 spell levels left.
You didn't know any spells.
Your spell library contained the following spells:

 Spells                   Type           Power      Damage    Failure   Level
 Corona                   Hex            0%         N/A       98%         1
 Foxfire                  Conj/Fire      0%         2x1d4     98%         1
 Magic Dart               Conj           0%         1d3       98%         1
 Ensorcelled Hibernation  Hex/Ice        0%         N/A       99%         2
 Searing Ray              Conj           0%         3d3       99%         2
 Confusing Touch          Hex            0%         N/A       100%        3
 Conjure Flame            Conj/Fire      0%         6-21      100%        3
 Dazzling Flash           Conj/Hex       0%         N/A       100%        3
 Gell's Gravitas          Tloc           0%         N/A       100%        3
 Inner Flame              Hex/Fire       0%         N/A       100%        3
 Tukima's Dance           Hex            0%         N/A       100%        3
 Fulminant Prism          Conj/Hex       0%         3d6       100%        4
 Iskenderun's Mystic Bla  Conj/Tloc      0%         2d3       100%        4
 Petrify                  Tmut/Erth      0%         N/A       100%        4
 Sticky Flame             Conj/Fire      0%         2d3       100%        4
 Fireball                 Conj/Fire      0%         3d3       100%        5
 Metabolic Englaciation   Hex/Ice        0%         N/A       100%        5
 Yara's Violent Unravell  Hex/Tmut       0%         3d3       100%        5


Dungeon Overview and Level Annotations

Branches:
Dungeon (10/15)            Temple (0/1) D:6            Lair (1/6) D:9
  Sewer (visited)
    Orc: D:9-12

Shops:
D:3 =   D:7 !   D:8 *   D:10 [

Annotations:
Lair:1 exclusion: oklob plant


Innate Abilities, Weirdness & Mutations

Your attributes grow dramatically as you level up.
You have an increased reservoir of magic. (+10% MP)
You shall have no god before yourself.


Message History

You miss the water moccasin.
The water moccasin is almost dead.
You feel sick. The water moccasin bites you.
* * * LOW HITPOINT WARNING * * *
You hit the water moccasin but do no damage.
You punch the water moccasin.
You kill the water moccasin!
You hit the cane toad.
The cane toad is lightly wounded.
The sentinel's mark upon you fades away.
You are no longer corroded.
You feel sick. The cane toad closely misses you.
You closely miss the cane toad.
The cane toad is lightly wounded.
You feel sick. The cane toad stings you.
* * * LOW HITPOINT WARNING * * *
You are more poisoned.
The cane toad poisons you!
You feel better.
The cane toad stings you but does no damage.
You punch the cane toad!
The cane toad is heavily wounded.
The cane toad stings you.
You are poisoned.
The cane toad poisons you!
You hit the cane toad.
The cane toad is heavily wounded.
You feel very sick.
The cane toad stings you but does no damage.
You hit the cane toad.
The cane toad is severely wounded.
You feel sick. The cane toad stings you!
* * * LOW HITPOINT WARNING * * *
You barely miss the cane toad.
The cane toad is severely wounded.
You feel sick. The cane toad barely misses you.
Your plate armour prevents you from hitting the cane toad.
The cane toad is severely wounded.
You feel sick. The cane toad stings you!
You die...

...............
#...............
#.....)........
####.##.....#
###.....#
##.....#
#P.....#
##....F##
#P....#@#
##....### #....#
.......
P........
##........
##P#.####


You could see a cane toad.

Vanquished Creatures
  Gastronok (Lair:1)
  3 hydras (Lair:1)
  Erica (D:9)
  2 two-headed ogres
  2 cyclopes
  A black mamba (Lair:1)
  Psyche (D:8)
  3 cane toads (Lair:1)
  A komodo dragon (Lair:1)
  A polar bear (Lair:1)
  A hornet (D:10)
  A troll (D:10)
  A wyvern (D:4)
  A vampire (D:10)
  A wraith (D:6)
  5 yaks
  A steam dragon (D:5)
  A vampire mosquito (D:6)
  3 water moccasins (Lair:1)
  An acid dragon (D:10)
  2 orc warriors
  An ice beast (D:6)
  A black bear (D:7)
  A sky beast (D:5)
  A hornet zombie (D:6)
  2 necrophages (D:5)
  2 ogres (D:6)
  6 centaurs
  3 phantoms
  10 bullfrogs
  A scorpion (D:5)
  A water moccasin zombie (D:7)
  A wyvern skeleton (D:3)
  2 water moccasin skeletons (D:6)
  3 killer bees (D:9)
  9 wights
  3 howler monkeys
  A jelly (D:5)
  4 centaur zombies
  2 bullfrog skeletons
  2 gnoll shamans
  2 orc priests
  3 hounds
  2 iguanas
  An orc wizard (D:9)
  A howler monkey zombie (D:9)
  8 gnolls
  7 adders
  2 shadow imps
  A white imp (D:6)
  An ufetubus (D:6)
  3 dart slugs
  12 orcs
  4 endoplasms
  5 giant cockroaches
  10 goblins
  14 hobgoblins
  15 jackals
  2 quokkas
  12 ball pythons
  4 bats
  7 frilled lizards
  12 kobolds
  5 rats
223 creatures vanquished.

Vanquished Creatures (others)
  18 fungi (D:5)
  10 plants (Sewer)
28 creatures vanquished.

Grand Total: 251 creatures vanquished

Notes
Turn   | Place    | Note
-------+----------+-------------------------------------------
     0 | D:1      | HoaS the Demigod Gladiator began the quest for the Orb.
     0 | D:1      | Reached XP level 1. HP: 17/17 MP: 3/3
    27 | D:1      | Reached skill level 3 in Unarmed Combat
   309 | D:1      | Reached XP level 2. HP: 18/24 MP: 4/4
   828 | D:1      | Reached XP level 3. HP: 29/29 MP: 5/5
  1041 | D:2      | Reached skill level 4 in Unarmed Combat
  1882 | D:3      | Reached XP level 4. HP: 36/36 MP: 6/6
  1913 | D:3      | Reached skill level 5 in Unarmed Combat
  1917 | D:3      | Found a glowing drain.
  1959 | Sewer    | Entered a sewer
  2325 | Sewer    | Reached XP level 5. HP: 41/41 MP: 7/7
  3248 | D:3      | Found Ameg's Jewellery Shoppe.
  3602 | D:4      | Reached skill level 6 in Unarmed Combat
  3739 | D:4      | Reached XP level 6. HP: 26/48 MP: 8/8
  4100 | D:4      | Reached skill level 7 in Unarmed Combat
  4307 | D:4      | Noticed a wyvern
  4322 | D:4      | Killed a wyvern
  4588 | D:5      | Entered Level 5 of the Dungeon
  4597 | D:4      | Reached XP level 7. HP: 45/53 MP: 9/9
  4655 | D:5      | Reached skill level 8 in Unarmed Combat
  5323 | D:5      | Noticed a steam dragon
  5324 | D:5      | Noticed a steam dragon
  5477 | D:5      | Identified the +2 ring mail of Uraoclecy {Int+3 Dex+4
                  | Stlth-}
  5547 | D:5      | Reached skill level 9 in Unarmed Combat
  5772 | D:5      | Reached skill level 1 in Armour
  5772 | D:5      | Reached XP level 8. HP: 52/62 MP: 10/10
  6647 | D:6      | Found a staircase to the Ecumenical Temple.
  7098 | D:6      | Reached XP level 9. HP: 18/71 MP: 11/11
  7698 | D:6      | Noticed a cyclops
  7708 | D:6      | Killed a cyclops
  7709 | D:6      | Reached skill level 10 in Unarmed Combat
  8296 | D:7      | Found Tout's Distillery.
  9212 | D:8      | Identified the +0 ring mail "Sooliabi" {rElec rCorr Int+5}
  9334 | D:8      | Found Efodyxus's Neck Hole.
  9342 | D:8      | Bought a +1 cloak for 126 gold pieces
  9353 | D:8      | Noticed Psyche
  9359 | D:8      | Reached skill level 5 in Fighting
  9359 | D:8      | Reached skill level 5 in Armour
  9359 | D:8      | Reached skill level 5 in Dodging
  9369 | D:8      | Killed Psyche
  9778 | D:9      | Found a staircase to the Lair.
 10389 | D:9      | Noticed a two-headed ogre
 10395 | D:9      | Killed a two-headed ogre
 10396 | D:9      | Reached skill level 11 in Unarmed Combat
 10396 | D:9      | Reached XP level 10. HP: 81/81 MP: 13/13
 10412 | D:9      | Noticed Erica
 10423 | D:9      | Killed Erica
 10549 | D:9      | Identified the +7 rapier "Jiepp" {vamp, Dex+4 Stlth+}
 10717 | D:9      | Noticed a cyclops
 10728 | D:9      | Killed a cyclops
 10840 | D:10     | Entered Level 10 of the Dungeon
 10943 | D:10     | Paralysed by a hornet for 2 turns
 11260 | D:10     | Found Bynudd's Armour Emporium.
 11291 | D:10     | Noticed a two-headed ogre
 11297 | D:10     | Killed a two-headed ogre
 12025 | Lair:1   | Entered Level 1 of the Lair of Beasts
 12045 | Lair:1   | Identified a scroll of acquirement
 12045 | Lair:1   | Acquired a +4 ring of evasion
 12054 | Lair:1   | Noticed a black mamba
 12066 | Lair:1   | Noticed a five-headed hydra
 12073 | Lair:1   | Killed a black mamba
 12074 | Lair:1   | Reached XP level 11. HP: 14/91 MP: 14/14
 12089 | Lair:1   | Killed a five-headed hydra
 12090 | Lair:1   | Reached skill level 12 in Unarmed Combat
 12504 | Lair:1   | Noticed Gastronok
 12567 | Lair:1   | Killed Gastronok
 12657 | Lair:1   | Noticed a five-headed hydra
 12756 | Lair:1   | Killed a five-headed hydra
 12869 | Lair:1   | Noticed a five-headed hydra
 12902 | Lair:1   | Killed a five-headed hydra
 12936 | Lair:1   | Slain by a cane toad

Illustrated notes

Levels and vault maps discovered:
D:1:      wander_arrival_peaceful_grave, layout_loops_ring,
          chequers_mini_garden, chequers_serial_rivers_micro_c, minivault_11
D:2:      layout_loops_ring, basic_altar, chequers_serial_rivers_micro_e
D:3:      layout_loops_ring, cheibrodos_sewer_entry_drain, serial_shops, shop,
          ebering_ecumenical_altar_ruins, grunt_ministairs_8
D:4:      layout_layer_cave, zin_scriptorium
D:5:      kennysheep_steamy, layout_gridville
D:6:      minmay_chambers_of_sixes, layout_loops_ring, minmay_temple_entry_hall,
          minmay_small_thing
D:7:      layout_layer_cave, serial_shops, nicolae_inconvenience_store
D:8:      layout_cave_pools, pdpol_wu_jian_five_deadly_venoms,
          grunt_decor_resistance, nicolae_shop_sticking_my_neck_out, uniq_psyche
D:9:      layout_cave_pods, nicolae_overflow_hidden_temple, lair_entry_dummy,
          uniq_erica
D:10:     layout_loops_ring, serial_shops, nicolae_shop_stone, st_stairs_7
Lair:1:   layout_cellular_growth, minmay_lair_oklob_bushes,
          chequers_serial_rivers_large_a, nzn_random_ring, uniq_prince_ribbit2,
          uniq_gastronok

Skill      XL: |  1  2  3  4  5  6  7  8  9 10 11 |
---------------+----------------------------------+-----
Unarmed Combat | 3 4 5 6 7 9 11 12 | 12.7
Fighting       | 2 4 5 6 7 |  7.4
Dodging        | 3 4 5 6 7 |  7.4
Armour         | 1 4 5 6 7 |  7.5
Throwing       | |  1.7

Action                   |  1- 3 |  4- 6 |  7- 9 | 10-12 || total
-------------------------+-------+-------+-------+-------++-------
Melee: Unarmed           |   179 |   214 |   371 |   284 ||  1048
       Punch             |     6 |     6 |    26 |    20 ||    58
Throw: Throwing net      |       |     4 |     3 |     2 ||     9
       Boomerang         |       |       |     5 |       ||     5
       Dart              |       |       |       |    13 ||    13
Evoke: Wand              |       |       |     2 |     4 ||     6
  Use: Scroll            |     5 |     4 |     4 |     6 ||    19
       Potion            |       |       |     2 |    12 ||    14
 Stab: Distracted        |     1 |       |       |       ||     1
Armor: Leather armour    |    11 |       |       |       ||    11
       Ring mail         |    69 |    60 |    69 |       ||   198
       Plate armour      |       |       |   102 |   227 ||   329
Dodge: Dodged            |    97 |   106 |   183 |   227 ||   613

Table legend: (Time is in decaauts)
 A = Elapsed time spent in this place.
 B = Non-inter-level travel time spent in this place.
 C = Inter-level travel time spent in this place.
 D = Time resting spent in this place.
 E = Time spent auto-exploring this place.
 F = Levels seen in this place.
 G = Mean time per level.
                   A        B        C        D        E       F      G
               +--------+--------+--------+--------+--------+-----+--------+
         Total |  12894 |  12519 |    375 |   3526 |   6883 |  12 | 1074.5 |
       Dungeon |  11168 |  10794 |    374 |   3245 |   5866 |  10 | 1116.8 |
          Lair |    847 |    847 |      0 |    132 |    433 |   1 |  847.0 |
         Sewer |    879 |    879 |      0 |    148 |    582 |   1 |  879.0 |
               +--------+--------+--------+--------+--------+-----+--------+

Top non-repeatable levels by time:
     D:6: 1609 daAuts
     D:5: 1416 daAuts
     D:4: 1315 daAuts
     D:7: 1225 daAuts
    D:10: 1157 daAuts
     D:9: 1051 daAuts
     D:1: 1029 daAuts
     D:3: 999 daAuts
   Sewer: 879 daAuts
  Lair:1: 847 daAuts
     D:2: 798 daAuts
     D:8: 566 daAuts
